 Dungeon Sprint DCSS version 0.27-a0-1291-geefcff550b (webtiles) character file.

Game seed: 17709599486157125695

1859 mhtbhm the Basher (level 8, -8/76 HPs)
             Began as a Demonspawn Berserker on June 15, 2021.
             Was an Elder of Trog.
             Mangled by a centaur warrior (13 damage)
             ... in the Dungeon (Sprint I: "Red Sonja").
             The game lasted 00:01:47 (818 turns).

mhtbhm the Basher (Demonspawn Berserker)             Turns: 818, Time: 00:01:49

Health: -8/76      AC:  3    Str: 21    XL:     8   Next: 89%
Magic:  8/8        EV: 18    Int:  8    God:    Trog [****..]
Gold:   405        SH:  0    Dex: 12    Spells: 7/7 levels left

rFire    . . .     SeeInvis .   a - +0 mace
rCold    . . .     Faith    .   (no shield)
rNeg     . . .     Spirit   .   b - +0 leather armour
rPois    .         Reflect  .   (helmet restricted)
rElec    .         Harm     .   (no cloak)
rCorr    .         Rampage  .   (no gloves)
Will     .....     NoTele   +   (no boots)
Stlth    ++........             (no amulet)
HPRegen  0.22/turn              i - +4 ring of evasion
MPRegen  0.11/turn              (no ring)

@: no status effects
A: claws 2, horns 1, demonic magic 1
a: Renounce Religion, Berserk, Trog's Hand, Brothers in Arms


You were in the Dungeon.
You worshipped Trog.
Trog was greatly pleased with you.
You visited 1 branch You collected 405 gold pieces.

Inventory:

Hand Weapons
 a - a +0 mace (weapon)
Armour
 b - a +0 leather armour (worn)
Jewellery
 i - a +4 ring of evasion (left claw)
Potions
 c - a potion of curing
 e - a potion of haste
 f - 2 potions of magic
 g - a potion of berserk rage


   Skills:
 + Level 11.9 Fighting
 + Level 12.1 Maces & Flails
 + Level 5.6 Armour
 + Level 6.8 Dodging
 + Level 2.6 Stealth


You had 7 spell levels left.
You didn't know any spells.
Your spell library was empty.

Dungeon Overview and Level Annotations

Branches:
Dungeon (1/1)

Altars:
Cheibriados
Dithmenos
Elyvilon
Fedhas
Gozag
Hepliaklqana
Kikubaaqudgha
Makhleb
Nemelex Xobeh
Okawaru
Qazlal
Ru
Sif Muna
Trog
Uskayaw
Vehumet
Wu Jian
Xom
Yredelemnul
Zin
The Shining One
Jiyva
Lugonu

Shops:
D (


Innate Abilities, Weirdness & Mutations

You have very sharp fingernails.
You have a pair of small horns on your head.
Spells you cast may paralyse adjacent enemies.


Message History

The centaur warrior closely misses you.
The centaur warrior kicks you but does no damage.
You closely miss the centaur warrior.
You headbutt the centaur warrior, but do no damage.
The centaur warrior is moderately wounded.
The centaur warrior misses you.
The centaur warrior kicks you but does no damage.
You hit the centaur warrior. You headbutt the centaur warrior.
The centaur warrior is heavily wounded.
The centaur warrior hits you! The centaur warrior kicks you.
The centaur warrior closely misses you.
The centaur warrior completely misses you.
You hit the centaur warrior.
You headbutt the centaur warrior, but do no damage.
The centaur warrior is heavily wounded.
The centaur warrior hits you!
* * * LOW HITPOINT WARNING * * *
The centaur warrior closely misses you.
You hit the centaur warrior but do no damage.
The centaur warrior is heavily wounded.
The centaur warrior hits you.
* * * LOW HITPOINT WARNING * * *
The centaur warrior kicks you.
* * * LOW HITPOINT WARNING * * *
You sock the centaur warrior!
The centaur warrior is severely wounded.
The centaur warrior completely misses you.
The centaur warrior kicks you.
* * * LOW HITPOINT WARNING * * *
You barely miss the centaur warrior.
The centaur warrior is severely wounded.
The centaur warrior hits you but does no damage.
The centaur warrior misses you.
You hit the centaur warrior.
You headbutt the centaur warrior, but do no damage.
The centaur warrior is severely wounded.
The centaur warrior hits you.
* * * LOW HITPOINT WARNING * * *
The centaur warrior closely misses you. The centaur warrior hits you!
You die...

##########################
#<.#..)..#.)'..#__#..')..#
#..)[.#..'..#..'..'..#)..#
#..#####'#####'#__####...+
#..####..#...#.####§§#####
#..#__####.@##§#§≈§§c#
#..#_____##c#_.§§§≈..+
#⌠⌠#_.∩...').._#§≈≈.c#
####_..__##_.#'##+####
#_____###+#)# ####### ###


You could see a centaur warrior.

Vanquished Creatures
  A centaur warrior (D)
  2 kobold demonologists (D)
  A slime creature (D)
  Sigmund (D)
  A yak (D)
  A floating eye (D)
  An ogre (D)
  A jelly (D)
  Ijyb (D)
10 creatures vanquished.

Notes
Turn   | Place    | Note
-------+----------+-------------------------------------------
     0 | D        | mhtbhm the Demonspawn Berserker began the quest for the
                  | Orb.
     0 | D        | Reached XP level 1. HP: 18/18 MP: 1/1
     1 | D        | Noticed Ijyb
    14 | D        | Killed Ijyb
    15 | D        | Reached skill level 4 in Maces & Flails
    15 | D        | Gained mutation: You have sharp fingernails. [demonic
                  | ancestry]
    15 | D        | Reached XP level 2. HP: 20/26 MP: 2/2
   179 | D        | Noticed an ogre
   183 | D        | Killed an ogre
   184 | D        | Reached skill level 5 in Maces & Flails
   184 | D        | Reached XP level 3. HP: 34/34 MP: 3/3
   184 | D        | Gained mutation: You have a pair of small horns on your
                  | head. [demonic ancestry]
   184 | D        | Reached XP level 4. HP: 40/40 MP: 4/4
   300 | D        | Noticed Sigmund
   305 | D        | Killed Sigmund
   305 | D        | Reached ** piety under Trog
   306 | D        | Reached skill level 7 in Maces & Flails
   306 | D        | Gained mutation: You have very sharp fingernails. [demonic
                  | ancestry]
   306 | D        | Reached XP level 5. HP: 49/49 MP: 5/5
   360 | D        | Found an ornate altar of the Wu Jian Council.
   360 | D        | Found a shimmering blue altar of Sif Muna.
   362 | D        | Found a radiant altar of Vehumet.
   367 | D        | Reached skill level 8 in Maces & Flails
   367 | D        | Reached skill level 1 in Stealth
   367 | D        | Reached XP level 6. HP: 56/56 MP: 6/6
   408 | D        | Found Niuk's Antique Weapon Emporium.
   408 | D        | Found an ancient bone altar of Kikubaaqudgha.
   408 | D        | Found a hazy altar of Hepliaklqana.
   408 | D        | Found a stormy altar of Qazlal.
   408 | D        | Found a hide-covered altar of Uskayaw.
   408 | D        | Found a blossoming altar of Fedhas.
   408 | D        | Found a bloodstained altar of Trog.
   408 | D        | Found an iron altar of Okawaru.
   408 | D        | Found a basalt altar of Yredelemnul.
   408 | D        | Found a snail-covered altar of Cheibriados.
   408 | D        | Found a sacrificial altar of Ru.
   408 | D        | Found a shadowy altar of Dithmenos.
   408 | D        | Noticed a yak
   414 | D        | Killed a yak
   415 | D        | Reached skill level 9 in Maces & Flails
   415 | D        | Reached skill level 5 in Dodging
   415 | D        | Found an opulent altar of Gozag.
   416 | D        | Found a sparkling altar of Nemelex Xobeh.
   466 | D        | Found a burning altar of Makhleb.
   466 | D        | Found a viscous altar of Jiyva.
   466 | D        | Found a shimmering altar of Xom.
   466 | D        | Found a corrupted altar of Lugonu.
   466 | D        | Noticed a slime creature
   471 | D        | Killed a slime creature
   471 | D        | Reached *** piety under Trog
   472 | D        | Reached XP level 7. HP: 65/65 MP: 7/7
   527 | D        | Noticed a kobold demonologist
   528 | D        | Noticed a red devil
   529 | D        | Noticed a kobold demonologist
   531 | D        | Reached skill level 10 in Fighting
   531 | D        | Reached skill level 10 in Maces & Flails
   539 | D        | Killed a kobold demonologist
   540 | D        | Reached skill level 5 in Armour
   543 | D        | Killed a kobold demonologist
   543 | D        | Reached **** piety under Trog
   544 | D        | Reached skill level 11 in Maces & Flails
   544 | D        | Gained mutation: Spells you cast may paralyse adjacent
                  | enemies. [demonic ancestry]
   544 | D        | Reached XP level 8. HP: 47/75 MP: 8/8
   732 | D        | Noticed a centaur warrior
   732 | D        | Noticed a centaur warrior
   749 | D        | Killed a centaur warrior
   750 | D        | Reached skill level 12 in Maces & Flails
   818 | D        | Mangled by a centaur warrior

Illustrated notes

Levels and vault maps discovered:
D:        dungeon_sprint_1 [red_sonja_temple_1, red_sonja_temple_small_1]

Skill      XL: |  1  2  3  4  5  6  7  8 |
---------------+-------------------------+-----
Fighting       | 4 6 7 8 9 11 | 11.9
Maces & Flails | 4 5 7 8 9 11 12 | 12.1
Armour         | 2 3 4 5 |  5.6
Dodging        | 2 3 4 5 6 |  6.8
Stealth        | 1 2 |  2.6

Action                   |  1- 3 |  4- 6 |  7- 9 || total
-------------------------+-------+-------+-------++-------
Melee: Mace              |    15 |    13 |    29 ||    57
       Headbutt          |       |     6 |     5 ||    11
Invok: Berserk           |     2 |     4 |     2 ||     8
  Use: Scroll            |       |       |     1 ||     1
       Potion            |       |       |     1 ||     1
Armor: Leather armour    |       |     1 |     7 ||     8
Dodge: Dodged            |     5 |     4 |    23 ||    32

Table legend: (Time is in decaauts)
 A = Elapsed time spent in this place.
 B = Non-inter-level travel time spent in this place.
 C = Inter-level travel time spent in this place.
 D = Time resting spent in this place.
 E = Time spent auto-exploring this place.
 F = Levels seen in this place.
 G = Mean time per level.
                   A        B        C        D        E       F      G
               +--------+--------+--------+--------+--------+-----+--------+
         Total |    882 |    882 |      0 |    679 |      1 |   1 |  882.0 |
       Dungeon |    882 |    882 |      0 |    679 |      1 |   1 |  882.0 |
               +--------+--------+--------+--------+--------+-----+--------+

Top non-repeatable levels by time:
       D: 882 daAuts
